 Dungeon Crawl Stone Soup version 0.23.1 (webtiles) character file.

Game seed: 16777550919147998153

289 Norn the Poker (level 6, -1/47 HPs)
             Began as a Merfolk Skald on Mar 12, 2019.
             Was a Follower of Okawaru.
             Slain by Edmund
             ... wielding a +1 flail of protection
              (10 damage)
             ... on level 4 of the Dungeon.
             The game lasted 00:05:41 (3504 turns).

Norn the Poker (Merfolk Skald)                      Turns: 3504, Time: 00:05:42

Health: -1/47      AC:  3    Str: 11    XL:     6   Next: 31%
Magic:  4/9        EV: 13    Int: 15    God:    Okawaru [*.....]
Gold:   206        SH:  0    Dex: 13    Spells: 1/9 levels left

rFire    . . .     SeeInvis .   a - +0 spear
rCold    . . .     Gourm    .   (no shield)
rNeg     . . .     Faith    .   b - +0 leather armour
rPois    .         Spirit   .   (no helmet)
rElec    .         Reflect  .   (no cloak)
rCorr    .         Harm     .   (no gloves)
MR       .....                  (no boots)
Stlth    +.........             (no amulet)
HPRegen  0.15/turn              (no ring)
MPRegen  0.11/turn              (no ring)

@: no status effects
A: change form in water, swift swim, stealthy swim
a: Heroism, Renounce Religion


You were on level 4 of the Dungeon.
You worshipped Okawaru.
Okawaru was aware of your devotion.
You were hungry.

You visited 1 branch of the dungeon, and saw 4 of its levels.

You collected 206 gold pieces.

Inventory:

Hand Weapons
 a - a +0 spear (weapon)
Armour
 b - a +0 leather armour (worn)
 x - a +0 ring mail
   (You took it off an orc on level 4 of the Dungeon)
Jewellery
 i - an uncursed amulet of regeneration {unknown}
   (You found it on level 1 of the Dungeon)
 j - an uncursed ring of see invisible {unknown}
   (You found it on level 1 of the Dungeon)
 q - an uncursed ring of poison resistance {unknown}
   (You found it on level 3 of the Dungeon)
Wands
 u - a wand of paralysis (6)
   (You found it on level 3 of the Dungeon)
Scrolls
 c - a scroll of blinking {unknown}
 d - a scroll of immolation {unknown}
 g - a scroll of magic mapping {unknown}
 l - a scroll of enchant armour {unknown}
 m - 4 scrolls of identify {unknown}
 n - 4 scrolls of remove curse {unknown}
 p - 3 scrolls of teleportation {unknown}
 r - a scroll of enchant weapon {unknown}
 v - a scroll of fog {unknown}
 y - a scroll of fear {unknown}
Potions
 f - 2 potions of lignification {unknown}
 h - a potion of haste {unknown}
 k - a potion of might {unknown}
 o - 2 potions of cancellation {unknown}
 s - a potion of flight {unknown}
 t - a potion of magic {unknown}
Comestibles
 e - 8 rations {!d}
 w - 4 chunks of flesh


   Skills:
 + Level 3.5 Fighting
 * Level 5.8 Polearms
 - Level 0.6 Armour
 + Level 4.1 Dodging
 - Level 2.0 Spellcasting
 * Level 1.9 Hexes
 - Level 4.4 Charms


You had one spell level left.
You knew the following spells:

 Your Spells              Type           Power        Failure   Level  Hunger
a - Infusion              Chrm           ##..         4%          1    #......
q - Shroud of Golubria    Chrm/Tloc      #.........   19%         2    ###....
t - Spectral Weapon       Hex/Chrm       ##......     24%         3    ###....
w - Song of Slaying       Chrm           ##......     7%          2    ###....

Your spell library contained the following spells:

 Spells                   Type           Power        Failure   Level  Hunger
 Regeneration             Chrm/Necr      #.........   34%         3    ###....


Dungeon Overview and Level Annotations

Branches:
Dungeon (4/15)
 Temple: D:4-7

Altars:
Elyvilon
Fedhas
Okawaru

Annotations:
D:4 Edmund


Message History

Your spectral weapon hits the orc from afar.
You kill the orc!
Okawaru accepts your kill. Edmund closely misses you.
You hit Edmund but do no damage.
Your spectral weapon barely misses Edmund.
Edmund closely misses you.
You closely miss Edmund.
Your spectral weapon barely misses Edmund.
Edmund hits you but does no damage.
You barely miss Edmund.
Your spectral weapon hits Edmund but does no damage.
You hit Edmund.
Your shroud unravels.
Your spectral weapon closely misses Edmund.
Edmund barely misses you.
You closely miss Edmund.
You are no longer magically infusing your attacks.
Your spectral weapon barely misses Edmund.
Edmund hits you with a +1 flail of protection.
You hit Edmund.
Your spectral weapon hits Edmund but does no damage.
Unknown command.
You hit Edmund but do no damage.
Your spectral weapon hits Edmund from afar!
Edmund says, "A flail is better than a scythe, any day of the week!"
Edmund hits you with a +1 flail of protection.
You hit Edmund but do no damage.
Your spectral weapon barely misses Edmund.
Edmund hits you with a +1 flail of protection.
* * * LOW HITPOINT WARNING * * *
Aim: Edmund, wielding a +1 flail of protection and wearing a +3 ring mail of magic resistance (heavily wounded, chance to defeat MR: 15%) Edmund resists with almost no effort.
You hit Edmund but do no damage.
Your spectral weapon completely misses Edmund.
Edmund hits you with a +1 flail of protection.
* * * LOW HITPOINT WARNING * * *
You hit Edmund.
Your spectral weapon hits Edmund but does no damage.
Edmund barely misses you.
You hit Edmund but do no damage.
Your spectral weapon hits Edmund from afar!
You barely miss Edmund.
Your spectral weapon hits Edmund but does no damage.
Edmund hits you with a +1 flail of protection!
* * * LOW HITPOINT WARNING * * *
You hit Edmund but do no damage.
Your spectral weapon closely misses Edmund.
Edmund hits you with a +1 flail of protection!
You die...

. ##.. .....
######...(.#
#..(@@.....# ######
##..##).....#
##....###..####..###.
#..###..........##
##.## ##[........#
##.## #..########
#..# #..# #..## ##..#
#...####..##


You could see Edmund and a friendly spectral +0 spear.

Vanquished Creatures
  An ogre (D:3)
  A centaur (D:3)
  A hound (D:4)
  Ijyb (D:3)
  2 adders (D:3)
  An ooze (D:3)
  A worm (D:3)
  A leopard gecko (D:3)
  3 orcs
  3 giant cockroaches
  6 goblins
  4 hobgoblins
  4 jackals (D:1)
  3 quokkas
  A bat (D:3)
  4 kobolds
  3 rats
40 creatures vanquished.

Notes
Turn   | Place    | Note
-------+----------+-------------------------------------------
     0 | D:1      | Norn the Merfolk Skald began the quest for the Orb.
     0 | D:1      | Reached XP level 1. HP: 16/16 MP: 3/3
   671 | D:1      | Reached XP level 2. HP: 18/23 MP: 0/5
  1334 | D:2      | Found a blossoming altar of Fedhas.
  1485 | D:2      | Found an iron altar of Okawaru.
  1501 | D:2      | Became a worshipper of Warmaster Okawaru
  1523 | D:2      | Reached XP level 3. HP: 24/28 MP: 6/6
  1971 | D:3      | Found a white marble altar of Elyvilon.
  2146 | D:3      | Noticed an ogre
  2244 | D:3      | Killed an ogre
  2244 | D:3      | Reached skill level 4 in Polearms
  2244 | D:3      | Reached XP level 4. HP: 35/35 MP: 0/7
  2244 | D:3      | Reached XP level 5. HP: 41/41 MP: 0/8
  2248 | D:3      | Learned a level 2 spell: Shroud of Golubria
  2252 | D:3      | Learned a level 3 spell: Spectral Weapon
  2255 | D:3      | Learned a level 2 spell: Song of Slaying
  2347 | D:3      | Noticed Ijyb
  2364 | D:3      | Killed Ijyb
  2364 | D:3      | Reached skill level 5 in Polearms
  2504 | D:3      | Noticed a centaur
  2519 | D:3      | Killed a centaur
  2519 | D:3      | Reached * piety under Okawaru
  2519 | D:3      | Reached skill level 1 in Hexes
  2519 | D:3      | Reached XP level 6. HP: 12/47 MP: 2/9
  3470 | D:4      | Noticed Edmund
  3504 | D:4      | Slain by Edmund

Skill      XL: |  1  2  3  4  5 |
---------------+----------------+-----
Dodging        | 3 4 |  4.1
Fighting       | 3 |  3.5
Polearms       | 4 5 |  5.8
Charms         | 4 |  4.4
Hexes          | 1 |  1.9
Armour         | |  0.6
Spellcasting   | |  2.0

Action                   |  1- 3 |  4- 6 || total
-------------------------+-------+-------++-------
Melee: Spear             |    98 |   100 ||   198
 Cast: Infusion          |     7 |    10 ||    17
       Shroud of Golubri |       |     2 ||     2
       Spectral Weapon   |       |     1 ||     1
Evoke: Wand              |     3 |     4 ||     7
 Stab: Paralysed         |     6 |    13 ||    19
       Sleeping          |       |     1 ||     1
  Eat: Chunk             |     4 |     4 ||     8
Armor: Leather armour    |    17 |     6 ||    23
Dodge: Dodged            |    42 |    46 ||    88
